 Dungeon Crawl Stone Soup version bcrawl-1.28.5 (webtiles) character file.

Game seed: 18218027654764519371

133756 Mehrunes the Slasher (level 4, 0/37 HPs)
             Began as a Demigod Fighter on Jan 24, 2021.
             Slain by an adder (1 damage)
             ... on level 2 of the Dungeon.
             The game lasted 00:04:40 (2290 turns).

Mehrunes the Slasher (Demigod Fighter)              Turns: 2290, Time: 00:04:40

Health: 0/37       AC:  6    Str: 27    XL:     4   Next: 75%
Magic:  6/6        EV:  5    Int: 12    God:    Demigod [**....]
Gold:   86         SH: 11    Dex: 16    Spells: 1/3 levels left

rFire    . . .     SeeInvis .   a - +0 long sword
rCold    . . .     Gourm    .   c - +0 medium shield
rNeg     . . .     Faith    .   b - +0 scale mail
rPois    .         Spirit   .   (no helmet)
rElec    .         Reflect  .   (no cloak)
rCorr    .         Harm     .   (no gloves)
MR       .....                  (no boots)
Stlth    ..........             (no amulet)
HPRegen  0.12/turn              (no ring)
MPRegen  0.10/turn              (no ring)

@: mighty
A: high mp 1
a: Temporal Distortion, Growth


You were on level 2 of the Dungeon.
You worshipped Demigod.
Demigod was pleased with you.
You were hungry.

You visited 1 branch of the dungeon, and saw 3 of its levels.

You collected 86 gold pieces.

Inventory:

Hand Weapons
 a - a +0 long sword (weapon)
Armour
 b - a +0 scale mail (worn)
 c - a +0 medium shield (worn)
Wands
 t - a wand of enslavement (11)
Scrolls
 g - 5 scrolls of identify
 i - a scroll of fear {unknown}
 k - 5 scrolls of amnesia {unknown}
 l - a scroll of enchant weapon {unknown}
 n - 2 scrolls of remove curse {unknown}
 o - 2 scrolls of blinking {unknown}
 q - a scroll of noise {unknown}
 r - a scroll of fog {unknown}
 s - 3 scrolls of teleportation {unknown}
Potions
 h - a potion of resistance {unknown}
 j - a potion of degeneration {unknown}
 m - a potion of flight {unknown}
 p - a potion of curing {unknown}
 u - a potion of brilliance {unknown}
Comestibles
 e - 8 rations {!d}
 f - a chunk of flesh


   Skills:
 - Level 2.6 Fighting
 + Level 4.6 Long Blades
 - Level 2.6 Armour
 - Level 2.6 Shields


You had one spell level left.
You knew the following spells:

 Your Spells              Type           Power        Failure   Level  Hunger
a - Passwall              Tmut/Erth      #.......     100%        2    ####...

Your spell library contained the following spells:

 Spells                   Type           Power        Failure   Level  Hunger
 Beastly Appendage        Tmut           #.....       100%        1    None
 Sticks to Snakes         Tmut           #.......     100%        2    ####...
 Spider Form              Tmut/Pois      #..          100%        3    #####..
 Ice Form                 Ice/Tmut       #.......     100%        4    ######.
 Blade Hands              Tmut           #.........   100%        5    #######


Dungeon Overview and Level Annotations

Branches:
Dungeon (3/12)


Innate Abilities, Weirdness & Mutations

You have an increased reservoir of magic. (+10% MP)


Message History

You feel sick. You block the adder's attack.
You feel sick.
You are no longer poisoned.
You block the adder's attack. You block the adder's attack.
There is a stone staircase leading up here.
You block the adder's attack. The adder bites you.
* * * LOW HITPOINT WARNING * * *
You climb upwards.
There is a stone staircase leading down here.
You feel very mighty all of a sudden. The adder bites you but does no damage.
You miss the adder. You block the adder's attack.
Your shield prevents you from hitting the adder.
You block the adder's attack. The adder bites you.
* * * LOW HITPOINT WARNING * * *
You closely miss the adder. The adder bites you.
You die...
Your divinity fades.

#...............# #.#
##.########.###.###.######
#.# #.# #.....#8..#. #.#
#.# #######_.... #.#
#.#########8..#. #.#
#....(....###### #.#
#########.# ##..
#.########### #.# #..#
#.......@S..# ##.###.##
###########.# #..##...#
#.# #.##..... #.#
#.#...... #.#####....._..
#.......#......
##########..... ##...#
##.##


You could see an adder.

Vanquished Creatures
  2 adders
  3 oozes
  A worm (D:2)
  3 dart slugs (D:2)
  2 leopard geckos
  6 orcs
  A ball python (D:1)
  8 bats
  2 giant cockroaches (D:2)
  5 goblins
  5 hobgoblins
  10 jackals
  2 quokkas (D:2)
  4 frilled lizards
  7 kobolds
  6 rats
67 creatures vanquished.

Vanquished Creatures (others)
  4 toadstools (D:1)
4 creatures vanquished.

Grand Total: 71 creatures vanquished

Notes
Turn   | Place    | Note
-------+----------+-------------------------------------------
     0 | D:1      | Mehrunes the Demigod Fighter began the quest for the Orb.
     0 | D:1      | Reached XP level 1. HP: 18/18 MP: 3/3
    41 | D:1      | Reached skill level 2 in Long Blades
   102 | D:1      | Reached XP level 2. HP: 19/25 MP: 4/4
   384 | D:1      | Reached skill level 3 in Long Blades
   613 | D:1      | Reached XP level 3. HP: 28/30 MP: 5/5
   714 | D:1      | Reached * piety under Demigod
   810 | D:2      | Found a white marble altar of Elyvilon.
   850 | D:2      | Found an opulent altar of Gozag.
   917 | D:2      | Found a hide-covered altar of Uskayaw.
  1431 | D:2      | Reached XP level 4. HP: 36/37 MP: 6/6
  1438 | D:2      | Reached skill level 4 in Long Blades
  1612 | D:2      | Learned a level 2 spell: Passwall
  1723 | D:2      | Found a glowing golden altar of the Shining One.
  2072 | D:3      | Reached ** piety under Demigod
  2289 | D:2      | HP: 1/37 [adder (1)]
  2290 | D:2      | Slain by an adder

Skill      XL: |  1  2  3  4 |
---------------+-------------+-----
Long Blades    | 2 3 4 |  4.6
Fighting       | |  2.6
Armour         | |  2.6
Shields        | |  2.6

Action                   |  1- 3 |  4- 6 || total
-------------------------+-------+-------++-------
Melee: Long sword        |   173 |   106 ||   279
  Use: Potion            |       |     1 ||     1
  Eat: Chunk             |     7 |     6 ||    13
Armor: Scale mail        |    86 |    44 ||   130
Dodge: Dodged            |    35 |    14 ||    49
Block: Medium shield     |    95 |    81 ||   176
